 Dungeon Crawl Stone Soup version 0.24.0-13-gcf9b319 (webtiles) character file.

Game seed: 3869869285232765676, levelgen mode: deterministic

173 Afromullet the Grasshopper (level 5, -4/43 HPs)
             Began as a Gnoll Warper on Feb 3, 2020.
             Was a Follower of Sif Muna.
             Slain by a gnoll
             ... wielding a +0 halberd
              (17 damage)
             ... on level 4 of the Dungeon.
             The game lasted 00:12:17 (3868 turns).

Afromullet the Grasshopper (Gnoll Warper)           Turns: 3868, Time: 00:12:18

Health: -4/43      AC:  3    Str: 20    XL:     5   Next: 53%
Magic:  21/21      EV: 14    Int: 15    God:    Sif Muna [*.....]
Gold:   131        SH:  0    Dex: 14    Spells: 4/14 levels left

rFire    . . .     SeeInvis .   c - +0 great sword (curse)
rCold    . . .     Gourm    .   (shield currently unavailable)
rNeg     . . .     Faith    .   b - +0 leather armour
rPois    .         Spirit   .   (no helmet)
rElec    .         Reflect  .   (no cloak)
rCorr    .         Harm     .   (no gloves)
MR       .....     Rnd*Tele +   (no boots)
Stlth    ++........             (no amulet)
HPRegen  0.14/turn              j - ring of magical power
MPRegen  0.17/turn              k - ring of teleportation (curse)

@: mighty, very slightly contaminated
A: distributed training, fangs 1, strong nose
a: Channel Magic, Renounce Religion


You were on level 4 of the Dungeon.
You worshipped Sif Muna.
Sif Muna was aware of your devotion.
You were not hungry.

You visited 1 branch of the dungeon, and saw 4 of its levels.

You collected 131 gold pieces.

Inventory:

Hand Weapons
 a - a +1 mace
 c - a cursed +0 great sword (weapon)
Missiles
 e - 5 boomerangs of dispersal (quivered)
 n - 24 poisoned darts
Armour
 b - a +0 leather armour (worn)
Jewellery
 j - a ring of magical power (left hand)
 k - a cursed ring of teleportation (right hand)
Wands
 q - a wand of paralysis (13)
Scrolls
 d - 4 scrolls of blinking
 f - 3 scrolls of enchant weapon
 g - 2 scrolls of fear
 m - 3 scrolls of amnesia
Potions
 h - a potion of might
 l - a potion of brilliance
 o - a potion of magic
Comestibles
 i - a ration


   Skills:
 + Level 4.8 Fighting
 + Level 1.5 Short Blades
 + Level 1.5 Long Blades
 + Level 1.5 Axes
 + Level 4.8 Maces & Flails
 + Level 1.5 Polearms
 + Level 1.5 Staves
 + Level 1.5 Slings
 + Level 1.5 Bows
 + Level 1.5 Crossbows
 + Level 3.0 Throwing
 + Level 3.0 Armour
 + Level 4.8 Dodging
 + Level 1.5 Stealth
 + Level 1.5 Shields
 + Level 1.5 Unarmed Combat
 + Level 5.2 Spellcasting
 + Level 1.2 Conjurations
 + Level 1.2 Hexes
 + Level 1.2 Charms
 + Level 1.2 Summonings
 + Level 1.2 Necromancy
 + Level 5.5 Translocations
 + Level 1.2 Transmutations
 + Level 1.2 Fire Magic
 + Level 1.2 Ice Magic
 + Level 1.2 Air Magic
 + Level 1.2 Earth Magic
 + Level 1.2 Poison Magic
 + Level 1.7 Invocations
 + Level 1.5 Evocations


You had 4 spell levels left.
You knew the following spells:

 Your Spells              Type           Power        Failure   Level  Hunger
a - Shroud of Golubria    Chrm/Tloc      ##....       7%          2    ##.....
b - Blink                 Tloc           N/A          2%          2    ##.....
c - Gell's Gravitas       Tloc           ###.......   5%          3    ###....
d - Teleport Other        Tloc           ###.....     5%          3    ###....

Your spell library contained the following spells:

 Spells                   Type           Power        Failure   Level  Hunger
 Lesser Beckoning         Tloc           ###.......   5%          3    ###....
 Passage of Golubria      Tloc           N/A          19%         4    ####...


Dungeon Overview and Level Annotations

Branches:
Dungeon (4/15)
 Temple: D:4-7

Altars:
Fedhas
Sif Muna


Innate Abilities, Weirdness & Mutations

Your experience applies equally to all skills.
You have very sharp teeth.
Your uncanny sense of smell can sniff out nearby items.


Message History

The gnoll is almost dead.
The gnoll closely misses you. The gnoll hits you with a +0 spear.
You closely miss the gnoll. You bite the gnoll, but do no damage.
The gnoll is almost dead.
The gnoll hits you with a +0 spear! The gnoll misses you.
You riposte.
You barely miss the gnoll. You bite the gnoll, but do no damage.
The gnoll is almost dead.
You barely miss the gnoll. You bite the gnoll, but do no damage.
The gnoll is almost dead.
The gnoll hits you with a +0 spear.
The gnoll hits you from afar with a +0 halberd!
* * * LOW HITPOINT WARNING * * *
The gnoll misses you.
Drop what? 16/52 slots (_ for help) (? for menu, Esc to quit)
Okay, then.
Drop what? 16/52 slots (_ for help) (? for menu, Esc to quit)
Okay, then.
You feel very mighty all of a sudden.
The gnoll hits you from afar with a +0 halberd!
You die...

#............
#............
#...........#
#...........#
#.........%..
#............
#...g........
###.########## ###
#+####@##.#.....# #..
...........#.....#. #..
...........'.....#.. #..
...........#.....+...#..
...........#.....# ..#..
#######+##.#.....##+#...
∆ #####.........#
#........#8 #........#.


You could see a gnoll.

Vanquished Creatures
  An orc wizard (D:3)
  8 adders
  2 oozes
  3 worms
  2 leopard geckos (D:1)
  8 orcs (D:3)
  A ball python (D:3)
  4 bats
  6 goblins
  5 jackals
  4 frilled lizards
  7 kobolds
  6 rats
57 creatures vanquished.

Notes
Turn   | Place    | Note
-------+----------+-------------------------------------------
     0 | D:1      | Afromullet the Gnoll Warper began the quest for the Orb.
     0 | D:1      | Reached XP level 1. HP: 20/20 MP: 6/6
   598 | D:1      | Reached XP level 2. HP: 26/26 MP: 7/7
   610 | D:1      | Learned a level 2 spell: Shroud of Golubria
   613 | D:1      | Learned a level 2 spell: Blink
  1361 | D:2      | Reached skill level 5 in Spellcasting
  1361 | D:2      | Reached XP level 3. HP: 28/31 MP: 6/9
  1398 | D:2      | Learned a level 3 spell: Gell's Gravitas
  1402 | D:2      | Learned a level 3 spell: Teleport Other
  1508 | D:2      | Reached skill level 1 in Invocations
  1512 | D:2      | Reached skill level 1 in Short Blades
  1512 | D:2      | Reached skill level 1 in Long Blades
  1512 | D:2      | Reached skill level 1 in Axes
  1512 | D:2      | Reached skill level 1 in Polearms
  1512 | D:2      | Reached skill level 1 in Staves
  1512 | D:2      | Reached skill level 1 in Slings
  1512 | D:2      | Reached skill level 1 in Bows
  1512 | D:2      | Reached skill level 1 in Crossbows
  1512 | D:2      | Reached skill level 1 in Stealth
  1512 | D:2      | Reached skill level 1 in Shields
  1512 | D:2      | Reached skill level 1 in Unarmed Combat
  1512 | D:2      | Reached skill level 1 in Evocations
  1703 | D:2      | Reached XP level 4. HP: 23/38 MP: 11/11
  2071 | D:2      | Found a shimmering blue altar of Sif Muna.
  2079 | D:2      | Became a worshipper of Sif Muna the Loreminder
  2540 | D:3      | Reached skill level 1 in Conjurations
  2540 | D:3      | Reached skill level 1 in Hexes
  2540 | D:3      | Reached skill level 1 in Charms
  2540 | D:3      | Reached skill level 1 in Summonings
  2540 | D:3      | Reached skill level 1 in Necromancy
  2540 | D:3      | Reached skill level 1 in Transmutations
  2540 | D:3      | Reached skill level 1 in Fire Magic
  2540 | D:3      | Reached skill level 1 in Ice Magic
  2540 | D:3      | Reached skill level 1 in Air Magic
  2540 | D:3      | Reached skill level 1 in Earth Magic
  2540 | D:3      | Reached skill level 1 in Poison Magic
  2568 | D:3      | Found a blossoming altar of Fedhas.
  2680 | D:3      | Reached XP level 5. HP: 25/43 MP: 12/12
  3015 | D:3      | Reached * piety under Sif Muna
  3149 | D:3      | HP: 2/43 [poisoned by an adder]
  3868 | D:4      | Slain by a gnoll

Levels and vault maps discovered:
D:1:      dpeg_arrival_rooms_c, layout_basic
D:2:      layout_loops_ring, led_sif_pool, grunt_decor_resistance
D:3:      layout_basic, fedhas_altar_2
D:4:      layout_gridville, minmay_temple_entry_gardened_gates,
          grunt_ministairs_11, minivault_1, minmay_fractal_squares_diagonal_5

Skill      XL: |  1  2  3  4  5 |
---------------+----------------+-----
Spellcasting   | 5 |  5.2
Invocations    | 1 |  1.7
Short Blades   | 1 |  1.5
Long Blades    | 1 |  1.5
Axes           | 1 |  1.5
Polearms       | 1 |  1.5
Staves         | 1 |  1.5
Slings         | 1 |  1.5
Bows           | 1 |  1.5
Crossbows      | 1 |  1.5
Stealth        | 1 |  1.5
Shields        | 1 |  1.5
Unarmed Combat | 1 |  1.5
Evocations     | 1 |  1.5
Conjurations   | 1 |  1.2
Hexes          | 1 |  1.2
Charms         | 1 |  1.2
Summonings     | 1 |  1.2
Necromancy     | 1 |  1.2
Transmutations | 1 |  1.2
Fire Magic     | 1 |  1.2
Ice Magic      | 1 |  1.2
Air Magic      | 1 |  1.2
Earth Magic    | 1 |  1.2
Poison Magic   | 1 |  1.2
Throwing       | 3 |  3.0
Armour         | 3 |  3.0
Fighting       | |  4.8
Maces & Flails | |  4.8
Dodging        | |  4.8
Translocations | |  5.5

Action                   |  1- 3 |  4- 6 || total
-------------------------+-------+-------++-------
Melee: Mace              |    92 |    55 ||   147
       Bite              |     7 |    14 ||    21
       Punch             |     1 |       ||     1
       Great sword       |       |    26 ||    26
 Cast: Shroud of Golubri |     3 |     3 ||     6
       Gell's Gravitas   |     2 |     3 ||     5
  Use: Scroll            |     7 |     4 ||    11
       Potion            |       |     3 ||     3
 Stab: Sleeping          |       |     2 ||     2
  Eat: Ration            |     1 |     1 ||     2
       Chunk             |       |     4 ||     4
Armor: Leather armour    |    29 |    17 ||    46
Dodge: Dodged            |   108 |    81 ||   189
       Rpst.: Great sword |       |    13 ||    13
